 Dungeon Crawl Stone Soup version 0.29.1-15-g9cfb28693d (webtiles) character file.

Game seed: 16310785298147249447

941 EarthwalkerPL the Trooper (level 7, 0/64 HPs)
             Began as a Minotaur Fighter on Mar 5, 2023.
             Was a Follower of Okawaru.
             Slain by Duvessa
             ... wielding a +0 short sword
              (10 damage)
             ... on level 5 of the Dungeon.
             The game lasted 00:05:52 (4712 turns).

EarthwalkerPL the Trooper (Minotaur Fighter)        Turns: 4712, Time: 00:05:52

Health: 0/64       AC: 13    Str: 22    XL:     7   Next: 88%
Magic:  6/6        EV:  6    Int:  5    God:    Okawaru [*.....]
Gold:   189        SH:  5    Dex: 10    Spells: 6/6 levels left

rFire   . . .      SeeInvis .   a - +0 war axe
rCold   . . .      Faith    .   c - +0 buckler
rNeg    . . .      Spirit   .   y - +0 plate armour
rPois   +          Reflect  .   (helmet restricted)
rElec   .          Harm     .   (no cloak)
rCorr   .          Rampage  .   (no gloves)
Will    .....                   (no boots)
Stlth   ..........              (no amulet)
HPRegen 0.20/turn               e - ring of poison resistance
MPRegen 0.10/turn               (no ring)

@: no status effects
A: horns 2, retaliatory headbutt
a: Renounce Religion, Heroism


You were on level 5 of the Dungeon.
You worshipped Okawaru.
Okawaru was aware of your devotion.
You visited 2 branches of the dungeon, and saw 6 of its levels.

You collected 189 gold pieces.

Inventory:

Hand Weapons
 a - a +0 war axe (weapon)
Missiles
 o - a throwing net (quivered)
 A - 2 poisoned darts
Armour
 b - a +0 scale mail
 c - a +0 buckler (worn)
 y - a +0 plate armour (worn)
Jewellery
 e - a ring of poison resistance (left hand)
Wands
 v - a wand of paralysis (12)
Scrolls
 h - 4 scrolls of blinking {unknown}
 i - a scroll of amnesia {unknown}
 j - 2 scrolls of silence {unknown}
 k - a scroll of enchant weapon {unknown}
 n - 2 scrolls of vulnerability {unknown}
 r - a scroll of teleportation {unknown}
 s - a scroll of torment {unknown}
 t - 4 scrolls of identify {unknown}
 u - a scroll of magic mapping {unknown}
 x - a scroll of enchant armour {unknown}
 z - a scroll of fog {unknown}
Potions
 d - a potion of might
 f - 2 potions of magic {unknown}
 g - a potion of heal wounds
 l - a potion of ambrosia {unknown}
 m - a potion of mutation {unknown}
 p - a potion of haste {unknown}
 q - 8 potions of curing {unknown}
 w - 2 potions of degeneration {unknown}


   Skills:
 * Level 6.9 Fighting
 * Level 6.2 Axes
 * Level 6.8 Armour
 + Level 5.3 Shields


You had 6 spell levels left.
You didn't know any spells.
Your spell library contained the following spells:

 Spells                   Type           Power      Damage    Failure   Level
 Foxfire                  Conj/Fire      0%         2x1d4     100%        1
 Freeze                   Ice            0%         1d3       100%        1
 Ensorcelled Hibernation  Hex/Ice        0%         N/A       100%        2
 Passwall                 Tmut/Erth      0%         N/A       100%        2
 Scorch                   Fire           0%         2d5       100%        2
 Conjure Flame            Conj/Fire      0%         6-21      100%        3
 Frozen Ramparts          Ice            0%         1d1       100%        3
 Inner Flame              Hex/Fire       0%         N/A       100%        3
 Swiftness                Air            0%         N/A       100%        3
 Flame Wave               Conj/Fire      0%         2d4       100%        4
 Hailstorm                Conj/Ice       0%         3d3       100%        4
 Orb of Destruction       Conj           0%         9d5       100%        7
 Summon Guardian Golem    Hex/Summ       Unusable   N/A       N/A         3
 Summon Cactus Giant      Summ           Unusable   N/A       N/A         6
 Spellforged Servitor     Conj/Summ      Unusable   N/A       N/A         7

Dungeon Overview and Level Annotations

Branches:
Dungeon (5/15)             Temple (1/1) D:4

Altars:
Ashenzari
Cheibriados
Dithmenos
Elyvilon
Fedhas
Gozag
Hepliaklqana
Kikubaaqudgha
Makhleb
Nemelex Xobeh
Okawaru
Qazlal
Ru
Trog
Uskayaw
Vehumet
Wu Jian
Xom
Yredelemnul
Zin
The Shining One

Shops:
D:5 *

Annotations:
D:5 Duvessa


Innate Abilities, Weirdness & Mutations

You have a pair of horns on your head.
You reflexively headbutt those who attack you in melee.


Message History

The gnoll hits you with a +0 club.
The gnoll bouda hits you with a +0 whip.
The gnoll hits you but does no damage. You block the gnoll bouda's attack.
The gnoll barely misses you.
You slash the gnoll bouda!
You kill the gnoll bouda!
Okawaru accepts your kill.
You hit the gnoll but do no damage.
The gnoll hits you from afar with a +0 spear.
The gnoll hits you with a +0 club.
You slice Dowan!!
Dowan is almost dead.
You closely miss the gnoll. The gnoll hits you but does no damage.
You block the gnoll's attack. Dowan hits you with a +0 dagger.
You hit Dowan.
You kill Dowan!
Okawaru accepts your kill.
You hear a distant scream of rage.
You barely miss the gnoll.
Duvessa, Sister of Dowan comes into view.
She is wielding a +0 short sword and carrying a wand of flame (9).
The gnoll hits you with a +0 club.
The gnoll hits you from afar with a +0 spear.
You barely miss the gnoll.
Duvessa goes berserk!
The gnoll hits you with a +0 club. The gnoll hits you but does no damage.
You block Duvessa's attack. The gnoll hits you with a +0 club.
You block the gnoll's attack.
You closely miss Duvessa. You closely miss the gnoll.
Duvessa hits you with a +0 short sword!
* * * LOW HITPOINT WARNING * * *
Duvessa hits you with a +0 short sword!
* * * LOW HITPOINT WARNING * * *
You block the gnoll's attack. The gnoll hits you but does no damage.
Unknown command.
You are too injured to fight recklessly!
You hit Duvessa but do no damage. You slash the gnoll!
You block Duvessa's attack. You block the gnoll's attack.
The gnoll hits you but does no damage. Duvessa hits you but does no damage.
You slash Duvessa! You headbutt Duvessa!
Duvessa is moderately wounded.
You barely miss the gnoll. Duvessa hits you with a +0 short sword!
You die...

...≈≈## ##'##
.≈≈≈## ### #.#
≈≈### ..#####.####
### #.#........# #
#.#.##...#)#
#.##.#.#.(....#
#...........#.#
####e#.###......
#@#.######.##.
.....gg)#........#
.
##################


You could see Duvessa (berserk) and 2 gnolls.

Vanquished Creatures
  An ice beast (D:5)
  A black bear (D:5)
  An ogre (D:5)
  A necrophage (D:5)
  2 scorpions (D:5)
  Dowan (D:5)
  2 hounds
  A gnoll bouda (D:5)
  2 orc wizards
  14 gnolls
  8 adders
  An ufetubus (D:4)
  A worm (D:2)
  4 dart slugs
  16 orcs
  6 endoplasms
  10 giant cockroaches
  2 goblins
  5 hobgoblins
  3 jackals (D:4)
  4 kobolds
  3 quokkas
  5 ball pythons
  4 bats
  2 frilled lizards
  4 rats
104 creatures vanquished.

Notes
Turn   | Place    | Note
-------+----------+-------------------------------------------
     0 | D:1      | EarthwalkerPL the Minotaur Fighter began the quest for the
                  | Orb.
     0 | D:1      | Reached XP level 1. HP: 19/19 MP: 0/0
   114 | D:1      | Reached XP level 2. HP: 27/27 MP: 1/1
   139 | D:1      | Found a faded altar of an unknown god.
   626 | D:2      | Reached XP level 3. HP: 33/33 MP: 2/2
  1045 | D:2      | Reached XP level 4. HP: 31/41 MP: 3/3
  1709 | D:3      | Reached XP level 5. HP: 47/47 MP: 4/4
  1747 | D:3      | Found a bloodstained altar of Trog.
  1882 | D:3      | Reached skill level 5 in Armour
  1969 | D:3      | Reached skill level 5 in Fighting
  1983 | D:3      | Found a shimmering altar of Xom.
  2783 | D:4      | Found a staircase to the Ecumenical Temple.
  2803 | Temple   | Entered the Ecumenical Temple
  2904 | Temple   | Became a worshipper of Warmaster Okawaru
  3015 | D:4      | Reached XP level 6. HP: 49/56 MP: 5/5
  3652 | D:5      | Entered Level 5 of the Dungeon
  3670 | D:5      | Reached skill level 5 in Axes
  3724 | D:5      | Found Tuhec's Elemental Accessories.
  3780 | D:5      | Reached * piety under Okawaru
  3781 | D:5      | Reached XP level 7. HP: 42/63 MP: 6/6
  3934 | D:5      | Reached skill level 5 in Shields
  4533 | D:5      | Found a white marble altar of Elyvilon.
  4535 | D:5      | Found a radiant altar of Vehumet.
  4537 | D:5      | Found a burning altar of Makhleb.
  4700 | D:5      | Noticed Dowan
  4708 | D:5      | Killed Dowan
  4708 | D:5      | Noticed Duvessa
  4712 | D:5      | Slain by Duvessa

Illustrated notes

Levels and vault maps discovered:
D:1:      dpeg_arrival_orchard, layout_rooms, shapermc_ecumenical_altar_venn,
          minmay_crystal_water
D:2:      layout_basic
D:3:      layout_loops_ring, trog_book, tgw_xom
D:4:      layout_rooms, minmay_temple_entry_offerings
D:5:      layout_loops_corners, minitemple, nicolae_elemental_shop,
          hangedman_abyss_or_decor_passed, kennysheep_potato, uniq_duvessa
Temple:   nicolae_temple_superstar

Skill      XL: |  1  2  3  4  5  6  7 |
---------------+----------------------+-----
Armour         | 4 5 6 |  6.8
Fighting       | 4 5 6 |  6.9
Axes           | 3 4 5 6 |  6.2
Shields        | 4 5 |  5.3

Action                   |  1- 3 |  4- 6 |  7- 9 || total
-------------------------+-------+-------+-------++-------
Melee: War axe           |    49 |   131 |    54 ||   234
       Headbutt          |     8 |    17 |     8 ||    33
  Use: Potion            |       |     1 |       ||     1
 Stab: Invisible         |       |     2 |       ||     2
Armor: Scale mail        |    24 |    27 |       ||    51
       Plate armour      |       |    57 |    31 ||    88
Dodge: Dodged            |    29 |    62 |    16 ||   107
Block: Buckler           |    13 |    33 |    18 ||    64
